 Dungeon Crawl Stone Soup version 0.20-b1-14-g8425815 (webtiles) character file.

2051 tof the Fighter (level 9, -13/78 HPs)
             Began as a Barachi Fighter on May 23, 2017.
             Mangled by a white ugly thing (16 damage)
             ... on level 8 of the Dungeon.
             The game lasted 00:11:58 (6515 turns).

tof the Fighter (Barachi Fighter)                   Turns: 6515, Time: 00:11:59

Health: -13/78     AC: 10    Str: 19    XL:     9   Next: 25%
Magic:  9/9        EV:  8    Int:  8    God:
Gold:   399        SH:  9    Dex: 17    Spells: 8/8 levels left

rFire    . . .     SeeInvis +   a - +0 war axe
rCold    . . .     Gourm    +   c - +0 shield
rNeg     . . .     Faith    .   z - +3 ring mail of Refuge {Dex+3}
rPois    +         Spirit   .   (no helmet)
rElec    .         Reflect  .   (no cloak)
rCorr    .         Harm     .   J - +0 pair of gloves
MR       .....                  (no boots)
Stlth    +.........             y - amulet of the gourmand
Regen    0.3/turn               j - ring of poison resistance
MPRegen  0.2/turn               r - ring of see invisible

@: slow
A: +LOS, swims, slowness 1, strong legs 1
a: Hop


You were on level 8 of the Dungeon.
You were completely stuffed.

You visited 2 branches of the dungeon, and saw 9 of its levels.

You collected 399 gold pieces.

Inventory:

Hand Weapons
 a - a +0 war axe (weapon)
Armour
 c - a +0 shield (worn)
 z - the +3 ring mail of Refuge (worn) {Dex+3}
   (You found it on level 4 of the Dungeon)

   It affects your dexterity (+3).
 J - a +0 pair of gloves (worn)
Jewellery
 j - a ring of poison resistance (left hand)
 r - a ring of see invisible (right hand)
 y - an amulet of the gourmand (around neck)
Wands
 x - a wand of iceblast (13/15)
Scrolls
 h - 5 scrolls of teleportation {unknown}
 l - 3 scrolls of amnesia {unknown}
 n - 3 scrolls of recharging {unknown}
 o - a scroll of fog {unknown}
 p - a scroll of summoning {unknown}
 q - 2 scrolls of magic mapping {unknown}
 s - 4 scrolls of identify {unknown}
 t - a scroll of blinking {unknown}
 C - a scroll of remove curse {unknown}
 D - a scroll of enchant armour {unknown}
 F - a scroll of random uselessness {unknown}
 G - a scroll of torment {unknown}
 H - a scroll of fear {unknown}
Potions
 d - a potion of might
 e - 2 potions of mutation {unknown}
 g - a potion of degeneration {unknown}
 i - 3 potions of heal wounds {unknown}
 k - a potion of curing
 m - a potion of agility {unknown}
 u - a potion of ambrosia {unknown}
 v - a potion of invisibility {unknown}
 w - 3 potions of brilliance {unknown}
 A - 5 potions of flight {unknown}
 B - 3 potions of cancellation {unknown}
 I - 2 potions of haste
Comestibles
 b - a royal jelly
 f - 4 bread rations
 E - a meat ration
 K - 4 chunks of flesh


   Skills:
 * Level 9.9 Fighting
 * Level 8.3 Axes
 + Level 7.3 Armour
 - Level 3.2 Shields


You had 8 spell levels left.
You didn't know any spells.

Dungeon Overview and Level Annotations

Branches:
Dungeon (8/15)             Temple (1/1) D:4
   Lair: D:8-11

Altars:
Ashenzari
Cheibriados
Dithmenos
Elyvilon
Fedhas
Hepliaklqana
Kikubaaqudgha
Makhleb
Nemelex Xobeh
Okawaru
Qazlal
Ru
Vehumet
Xom
Yredelemnul
Zin
The Shining One


Innate Abilities, Weirdness & Mutations

Shadows flee at your approach. (+LOS)
You can swim through water.
You cover ground slowly.
You can hop short distances.


Message History

You slash the white ugly thing!
The white ugly thing is moderately wounded.
You block the white ugly thing's attack.
You hit the white ugly thing.
The white ugly thing is moderately wounded.
The white ugly thing punches you! The white ugly thing freezes you!!
You hit the white ugly thing.
The white ugly thing is moderately wounded.
The white ugly thing punches you! The white ugly thing freezes you!!
* * * LOW HITPOINT WARNING * * *
The white ugly thing punches you but does no damage.
You slash the white ugly thing!
The white ugly thing is severely wounded.
You block the white ugly thing's attack.
You hit the white ugly thing but do no damage.
The white ugly thing is severely wounded.
The white ugly thing punches you.
* * * LOW HITPOINT WARNING * * *
The white ugly thing freezes you!
You die...

###########
#.@u.......
#.######### #.#
######### #.#
........#######.#
#######.##......#
#.##.######
#.##.# #.##.###


You could see a white ugly thing.

Vanquished Creatures
  The ghost of gottagoquickly the Chopper, an amateur MiBe of Trog (D:4)
  2 vampire mosquitoes (D:7)
  Edmund (D:6)
  A water moccasin (D:7)
  An ice beast (D:7)
  3 centaurs
  An ogre (D:7)
  2 bullfrogs (D:7)
  Blork the orc (D:6)
  A scorpion (D:6)
  3 howler monkeys
  4 crimson imps
  An orc priest (D:3)
  A hound (D:7)
  An orc wizard (D:7)
  Crazy Yiuf (D:7)
  A centaur skeleton (D:6)
  4 iguanas
  2 worker ants
  A killer bee zombie (D:6)
  5 adders
  4 gnolls (D:7)
  A shadow imp (D:7)
  2 oozes (D:4)
  An adder skeleton (D:6)
  2 worms (D:2)
  2 dart slugs (D:3)
  5 leopard geckos
  21 orcs
  3 giant cockroaches
  5 hobgoblins
  3 jackals (D:3)
  2 quokkas
  10 bats
  6 frilled lizards
  A jackal skeleton (D:4)
  10 kobolds
  2 leopard gecko zombies (D:7)
  A quokka skeleton (D:4)
  A rat (D:3)
120 creatures vanquished.

Notes
Turn   | Place    | Note
-------+----------+-------------------------------------------
     0 | D:1      | tof the Barachi Fighter began the quest for the Orb.
     0 | D:1      | Reached XP level 1. HP: 18/18 MP: 1/1
   363 | D:1      | Reached XP level 2. HP: 24/25 MP: 2/2
   564 | D:1      | Reached skill level 4 in Fighting
   815 | D:2      | Reached XP level 3. HP: 18/30 MP: 3/3
  1809 | D:3      | Reached XP level 4. HP: 33/38 MP: 4/4
  1992 | D:3      | Reached skill level 5 in Fighting
  2357 | D:3      | Reached XP level 5. HP: 20/44 MP: 5/5
  2769 | D:4      | Noticed gottagoquickly's ghost (amateur MiBe)
  2949 | D:4      | Killed gottagoquickly's ghost
  2949 | D:4      | Reached skill level 6 in Fighting
  2949 | D:4      | Reached skill level 5 in Armour
  2949 | D:4      | Reached XP level 6. HP: 49/52 MP: 6/6
  3354 | D:4      | Reached skill level 5 in Axes
  3354 | D:4      | Reached XP level 7. HP: 52/59 MP: 7/7
  3686 | D:4      | Found a staircase to the Ecumenical Temple.
  3692 | Temple   | Entered the Ecumenical Temple
  3959 | D:4      | Got a shimmering ring mail
  3970 | D:4      | Identified the +3 ring mail of Refuge {Dex+3} (You found it on level 4 of the Dungeon)
  4011 | D:5      | Entered Level 5 of the Dungeon
  4317 | D:6      | Reached skill level 7 in Fighting
  4321 | D:6      | Noticed Edmund
  4342 | D:6      | Killed Edmund
  4493 | D:6      | Noticed Blork the orc
  4504 | D:6      | Killed Blork the orc
  4593 | D:6      | Reached XP level 8. HP: 46/68 MP: 8/8
  4764 | D:7      | Reached skill level 8 in Fighting
  5663 | D:7      | Found a runed door.
  5667 | D:7      | Noticed Crazy Yiuf
  5673 | D:7      | Killed Crazy Yiuf
  5744 | D:7      | Reached skill level 9 in Fighting
  5959 | D:7      | Reached XP level 9. HP: 73/77 MP: 9/9
  6200 | D:7      | Found a hazy altar of Hepliaklqana.
  6508 | D:8      | Noticed a white ugly thing
  6515 | D:8      | HP: 3/78 [white ugly thing (4)]
  6515 | D:8      | Mangled by a white ugly thing

Skill      XL: |  1  2  3  4  5  6  7  8  9 |
---------------+----------------------------+-----
Fighting       | 4 5 6 7 9 |  9.9
Armour         | 4 5 6 7 |  7.3
Axes           | 3 4 5 6 7 8 |  8.3
Shields        | |  3.2

Action                   |  1- 3 |  4- 6 |  7- 9 || total
-------------------------+-------+-------+-------++-------
Melee: War axe           |   148 |   141 |   239 ||   528
  Use: Potion            |       |       |     1 ||     1
  Eat: Chunk             |     4 |     5 |    18 ||    27
       Royal jelly       |       |       |     1 ||     1
Armor: Scale mail        |    95 |    62 |     5 ||   162
       Ring mail         |       |       |    82 ||    82
Dodge: Dodged            |    53 |    39 |   103 ||   195
Block: Shield            |    91 |    67 |    55 ||   213
